 Dungeon Crawl Stone Soup version 0.31-a0-182-gc5ef74bbde (webtiles) character file.

Game seed: 8642147861667085714

46 qw the Chopper (level 3, -5/23 HPs)
             Began as a Gargoyle Fighter on June 20, 2023.
             Slain by Sigmund
             ... wielding a +0 scythe
              (8 damage)
             ... on level 2 of the Dungeon.
             The game lasted 00:00:39 (1102 turns).

qw the Chopper (Gargoyle Fighter)                   Turns: 1102, Time: 00:00:39

Health: -5/23      AC: 10    Str: 21    XL:     3   Next: 68%
Magic:  3/3        EV:  9    Int:  8    God:
Gold:   75         SH:  0    Dex:  9    Spells: 2/2 levels left

rFire   . . .        Y - +1 war axe
rCold   . . .        c - +0 buckler
rNeg    + . .        b - +0 scale mail
rPois   inf          (no helmet)
rElec   +            (no cloak)
rCorr   .            (no gloves)
SInv    +            (no boots)
Will    .....        (no amulet) Stlth
                     e - ring of see invisible
HPRegen 0.23/turn    (no ring)
MPRegen 0.08/turn

%: no passive effects
@: confused
A: sickness immunity, AC +3, negative energy resistance 1, electricity
resistance, torment resistance 1, petrification resistance
a: no special abilities


You were on level 2 of the Dungeon.
You visited 1 branch of the dungeon, and saw 2 of its levels.

You collected 75 gold pieces.


Innate Abilities, Weirdness & Mutations

You are immune to sickness and miasma.
Your stone body is resilient. (AC +3)
You are immune to poison.
You resist negative energy. (rN+)
You are resistant to electric shocks. (rElec)
You are resistant to unholy torment.
You are immune to petrification.


   Skills:
 - Level 3.2 Fighting
 + Level 3.5 Axes
 - Level 3.2 Armour
 - Level 3.2 Shields


You had 2 spell levels left.
You didn't know any spells.
Your spell library was empty.

Inventory:

Hand Weapons
 k - a +0 whip
 Y - a +1 war axe (weapon)
Armour
 b - a +0 scale mail (worn)
 c - a +0 buckler (worn)
Jewellery
 e - a ring of see invisible (left hand)
 g - a ring of positive energy
Scrolls
 f - a scroll of amnesia {unknown}
Potions
 a - a potion of lignification {unknown}
 d - a potion of might
 h - a potion of haste {unknown}

Dungeon Overview and Level Annotations

Branches:
Dungeon (2/15)

Altars:

Shops:
D:1 !

Annotations:
D:2 Sigmund


Message History

Sigmund casts a spell at you.
You are more confused.
Sigmund points at you and mumbles some strange words.
You resist with significant effort. Sigmund hits you but does no damage.
Sigmund says, "Now you see me, now you don't..."
Sigmund barely misses you. Sigmund closely misses you.
Sigmund closely misses you. Sigmund hits you but does no damage.
Sigmund hits you but does no damage. Sigmund closely misses you.
You feel less confused.
Sigmund points at you and mumbles some strange words.
You are confused.
Sigmund closely misses you. Sigmund gestures at you while chanting.
The magic dart hits you! Sigmund casts a spell at you. The magic dart hits you!
Sigmund hits you but does no damage. Sigmund hits you with a +0 scythe.
You feel less confused.
You barely miss Sigmund.
Sigmund is almost dead.
Sigmund casts a spell at you. The puff of flame misses you.
Sigmund casts a spell at you. The magic dart hits you.
You barely miss Sigmund.
Sigmund is almost dead.
You block Sigmund's attack.
You closely miss Sigmund.
Sigmund is almost dead.
Sigmund casts a spell at you.
You are confused.
Sigmund is suddenly surrounded by pale green light.
Sigmund hits you but does no damage. Sigmund hits you with a +0 scythe!
You die...

#....# ## #..#.#
.## #..#.# ..##
###..#.# ...##
##.#....#
>...####.....#.###
)...%............#
....####.....#.#.#
...## ##......#@#
..## ##...###@#
.## #..## #.# ##
#..# #.# #####
#... ..# ....# #
.## ### ###.#
.##.# ..#.#######.


You could see Sigmund (invisible).

Vanquished Creatures
  3 dart slugs
  A ball python (D:1)
  5 bats
  5 endoplasms
  6 hobgoblins
  4 jackals (D:2)
  2 frilled lizards (D:1)
  3 goblins (D:1)
  4 kobolds (D:1)
  2 rats (D:1)
35 creatures vanquished.

Notes
Turn   | Place    | Note
-------+----------+-------------------------------------------
     0 | D:1      | qw the Gargoyle Fighter began the quest for the Orb.
     0 | D:1      | Reached XP level 1. HP: 14/14 MP: 1/1
     0 | D:1      | 0 ||| qw: Version: 0.3-a-9-g12657ce
     0 | D:1      | 0 ||| qw: Game counter: 1389
     0 | D:1      | 0 ||| qw: Always use a shield: true
     0 | D:1      | 0 ||| qw: God list: Okawaru
     0 | D:1      | 0 ||| qw: Allow faded altars: false
     0 | D:1      | 0 ||| qw: Do Orc after D:15 true
     0 | D:1      | 0 ||| qw: Do second Lair branch before Depths: true
     0 | D:1      | 0 ||| qw: Lair rune preference: random
     0 | D:1      | 0 ||| qw: Plans: Normal, Zot:1-4, Slime:5, God:TSO, Crypt,
                  | Tomb, Abyss, Pan, Hells, Win
     0 | D:1      | 0 ||| PLANNING D:1-11
    89 | D:1      | Reached XP level 2. HP: 18/19 MP: 2/2
   172 | D:1      | Found Zaur's Distillery.
   175 | D:1      | 175 ||| SHOPLISTING 2 potions of resistance (220 gold, have
                  | 26).
   175 | D:1      | 175 ||| SHOPLISTING potion of curing (33 gold, have 26).
   175 | D:1      | 175 ||| SHOPLISTING potion of haste (110 gold, have 26).
   175 | D:1      | 175 ||| SHOPLISTING potion of lignification (33 gold, have
                  | 26).
   175 | D:1      | 175 ||| SHOPLISTING potion of might (44 gold, have 26).
   175 | D:1      | 175 ||| SHOPLISTING potion of mutation (88 gold, have 26).
   221 | D:1      | 221 ||| Stepping ~*~*~tactically~*~*~ (hiding).
   297 | D:1      | Reached skill level 3 in Axes
   362 | D:1      | 362 ||| Stepping ~*~*~tactically~*~*~ (hiding).
   371 | D:1      | Reached XP level 3. HP: 23/23 MP: 3/3
   663 | D:1      | 663 ||| UPGRADING to ring of see invisible.
   664 | D:1      | 664 ||| READING scroll labelled IDYTYUNYPS.
   667 | D:1      | 667 ||| READING scroll labelled GONIUD CEITE.
   668 | D:1      | 668 ||| READING scroll labelled XUNIASHIGGE.
   669 | D:1      | 669 ||| READING scroll labelled NISTRA JOSMIW.
   670 | D:1      | 670 ||| READING scroll labelled DUCZYF NAACH.
   812 | D:2      | 812 ||| Stepping ~*~*~tactically~*~*~ (hiding).
   813 | D:2      | 813 ||| Stepping ~*~*~tactically~*~*~ (hiding).
   814 | D:2      | 814 ||| Stepping ~*~*~tactically~*~*~ (hiding).
   815 | D:2      | 815 ||| Stepping ~*~*~tactically~*~*~ (hiding).
   817 | D:2      | 817 ||| Stepping ~*~*~tactically~*~*~ (hiding).
   818 | D:2      | 818 ||| Stepping ~*~*~tactically~*~*~ (hiding).
  1035 | D:2      | Identified the +4 glaive "Gram" {flame, rElec rPois Int-4}
  1057 | D:2      | Noticed Sigmund
  1095 | D:2      | HP: 2/23 [Sigmund/+0 scythe (5)]
  1102 | D:2      | Slain by Sigmund

Levels and vault maps discovered:
D:1:      saegor_arrival_fortress, layout_rooms, serial_shops,
          nicolae_shop_pleasant_corner_grove
D:2:      layout_loops_corners, due_unseen_surprise, uniq_terence, uniq_sigmund

Skill      XL: |  1  2 |
---------------+-------+-----
Axes           | 2 3 |  3.5
Fighting       | |  3.2
Armour         | |  3.2
Shields        | |  3.2

Action                     || total
---------------------------++-------
  Melee: War axe           ||    89
    Use: Scroll            ||     5
 Armour: Scale mail        ||    36
  Dodge: Dodged            ||    41
  Block: Buckler           ||     8

Table legend:
 A = Non-vault XP
 B = Vault XP
 C = Vault XP percentage of total XP
 D = Non-vault monster count
 E = Vault monster count
 F = Vault count percentage of total count
                 A         B        C        D         E       F
            +---------+---------+-------+---------+---------+-------
      Total |      67 |       0 |   0.0 |      35 |       0 |   0.0
            +---------+---------+-------+---------+---------+-------
        D:1 |      46 |       0 |   0.0 |      25 |       0 |   0.0
        D:2 |      21 |       0 |   0.0 |      10 |       0 |   0.0
            +---------+---------+-------+---------+---------+-------
